[Event "15th Arad Open 2022"]
[Site "Arad"]
[Date "2022.08.12"]
[Round "7.3"]
[White "Srbis, Jurica"]
[Black "Manolache, Marius"]
[Result "1/2-1/2"]
[ECO "B07"]
[WhiteElo "2472"]
[BlackElo "2469"]
[Annotator "TA"]
[PlyCount "87"]
[EventDate "2022.08.08"]
[EventType "swiss"]
[EventCountry "ROU"]
[SourceTitle "playchess.com"]
[Source "ChessBase"]
[SourceQuality "1"]
[TimeControl "5400+30"]

1. e4 d6 2. d4 Nf6 3. Nc3 g6 4. Be3 c6 5. Qd2 b5 6. f3 h5 {[%emt 0:00:35] B07: Pirc Defence: Miscellaneous Systems.} 7. Bd3 Bg7 8. a3 {[%emt 0:00:59] [#]} Qc7 $146 {[%emt 0:00:31] White has an edge.} ({Predecessor:} 8... a6 9. Nge2 Nbd7 10. f4 Ng4 11. Bg1 c5 12. h3 cxd4 13. Bxd4 e5 14. Bg1 Ngf6 {1-0 (49) Fiszer,B (2228)-Spicak,K (1858) Warsaw 2022}) 9. Nge2 Nbd7 10. O-O O-O 11. h3 e5 12. f4 a6 13. dxe5 dxe5 14. f5 Bb7 15. Bg5 Nh7 16. Be7 Rfe8 $1 17. Bh4 Ndf6 (17... c5 $11 18. b3 Nb6) 18. Ng3 Rad8 19. Rf3 (19. a4 $14) 19... Rd6 (19... c5 $1 $15 20. Qe3 c4) 20. Raf1 Kh8 21. fxg6 fxg6 22. Qc1 c5 $2 {[%emt 0:05:42] [#]} (22... Rf8 $11) 23. Bxf6 $2 ({Only move:} 23. Bxb5 $1 $18 Rf8 (23... Rc8 24. Bc4) 24. Bc4) 23... Nxf6 {[%emt 0:00:20] [#]} (23... Rxf6 $11 {keeps the balance.} 24. Nd5 Bxd5 25. exd5 c4 26. Rxf6 Bxf6 27. Rxf6 (27. Bxg6 Bg5 $17) 27... Nxf6 28. Bxg6 Rg8 29. Qh6+ Nh7) 24. Bxb5 $1 $16 Rf8 (24... axb5 $2 25. Nxb5 Rd1 26. Qxd1 $18) 25. Bc4 Kh7 26. Bd5 (26. Qe1 $142) 26... Bc8 27. Qe3 (27. R1f2 $142) 27... c4 28. Nge2 (28. Kh1 $16) 28... Bd7 (28... Bh6 $11 29. Qf2 g5) 29. Kh1 Qb8 (29... Be8 $16 {was worth a try.} 30. a4 Nxd5 31. Nxd5 (31. exd5 Rxf3 32. Rxf3 Bf7 $14) 31... Rxf3 32. Rxf3 (32. Nxc7 $2 {too greedy.} Rxe3 33. Nxe8 Rd8 $19) (32. Qxf3 Qb7 $16) 32... Qb7) 30. b4 (30. Bxc4 $18 {Hoping for b4.} Qxb2 31. Qg5) 30... cxb3 $1 $14 31. cxb3 Nxd5 ({Black should try} 31... a5 $14) 32. Nxd5 $16 {[%emt 0:00:17] Threatens to win with Rxf8.} Rxf3 33. Rxf3 ({Don't play} 33. Qxf3 $6 Be6 $16) 33... Be8 (33... Be6 $16 {keeps fighting.}) 34. Qg5 Qd8 35. Qxd8 {[%emt 0:01:32] White is much more active.} Rxd8 36. Rc3 a5 37. Rc7 {[%emt 0:01:31] Inhibits Bf7.} Kh6 38. Nc1 ({Better is} 38. a4 $16) 38... Bf8 $1 $11 {[%emt 0:00:30] The position is equal.} 39. Nd3 Bxa3 40. Nxe5 Bd6 {[%emt 0:00:00][%csl LRc7,LRe5] This bishop pair is nice.} 41. Nf7+ Bxf7 42. Rxf7 Rc8 {[%emt 0:00:00] ( -> ...Rc1+)} 43. Rf1 {[%emt 0:00:00] Against Rc1} Rc2 44. Ne3 {White really could win this.  Weighted Error Value: White=0.33/Black=0.31} 1/2-1/2

[Event "15th Arad Open 2022"]
[Site "Arad"]
[Date "2022.08.12"]
[Round "7.4"]
[White "David, Alexandru-Vasile"]
[Black "Ghita, Vlad-Bogdan"]
[Result "1-0"]
[ECO "D30"]
[WhiteElo "2433"]
[BlackElo "1944"]
[Annotator "TA"]
[PlyCount "51"]
[EventDate "2022.08.08"]
[EventType "swiss"]
[EventCountry "ROU"]
[SourceTitle "playchess.com"]
[Source "ChessBase"]
[SourceQuality "1"]
[TimeControl "5400+30"]

1. d4 d5 2. c4 c6 3. Nf3 Nf6 4. e3 e6 5. Bd3 dxc4 6. Bxc4 b5 7. Bd3 Bb7 8. O-O Nbd7 9. e4 a6 {[%emt 0:00:20] D30: Queen's Gambit Declined: Systems without Nc3.} 10. a4 b4 11. Bg5 h6 {[%emt 0:00:44] White has an edge.} 12. Bh4 g5 13. Bg3 c5 14. d5 {[%emt 0:01:08] [#]} ({Much worse is} 14. Nbd2 cxd4 15. Rc1 (15. Nxd4 Nc5 $15) 15... Nc5 $11) 14... Bg7 $146 ({Predecessor:} 14... exd5 15. exd5 Nxd5 16. Re1+ Be7 17. Bd6 O-O 18. Bxe7 Nxe7 19. h4 g4 20. Nh2 h5 {0-1 (45) Dragun,K (2568)-Hayrapetyan,A (2320) Yerevan 2015}) 15. dxe6 fxe6 16. Bd6 ({Better is} 16. Nbd2 $14) 16... Qb6 $2 {[%emt 0:01:04] [#] This move loses the game for Black.} (16... Bxe4 $2 17. Re1 Bxd3 18. Rxe6+ (18. Qxd3 Kf7 $16) 18... Kf7 19. Re7+ Qxe7 20. Bxe7 $16) (16... Nxe4 $11 {and Black is okay.} 17. Bxe4 Bxe4) 17. e5 $1 $18 Nd5 (17... Ne4 $142) 18. Bg6+ Kd8 19. Nbd2 g4 $2 (19... Nf4) 20. Nc4 {[%emt 0:01:46] White is clearly winning.} Qc6 21. Nh4 h5 22. Be4 N7b6 23. Na5 Qd7 24. Bxc5 Bxe5 25. Bxb6+ Nxb6 26. Bxb7 {[%emt 0:00:23] Weighted Error Value: White=0.20 (precise) /Black=0.75} 1-0

[Event "15th Arad Open 2022"]
[Site "Arad"]
[Date "2022.08.12"]
[Round "7.5"]
[White "Ionescu, Mihai"]
[Black "Secheres, Adrian-Simion"]
[Result "0-1"]
[ECO "A26"]
[WhiteElo "2250"]
[BlackElo "2360"]
[Annotator "TA"]
[PlyCount "92"]
[EventDate "2022.08.08"]
[EventType "swiss"]
[EventCountry "ROU"]
[SourceTitle "playchess.com"]
[Source "ChessBase"]
[SourceQuality "1"]
[TimeControl "5400+30"]

1. Nf3 Nf6 2. c4 g6 3. g3 Bg7 4. Bg2 O-O 5. O-O d6 6. Nc3 Nc6 7. Rb1 e5 8. d3 a5 9. a3 h6 10. b4 axb4 11. axb4 Be6 12. b5 Ne7 13. Bb2 Qd7 14. Qc2 {[%emt 0:04:04] A26: English Opening vs King's Indian with ...Nc6 and d3.} Bh3 15. e4 {[%emt 0:06:15] [#]} Nh5 $146 ({Predecessor:} 15... Bxg2 16. Kxg2 Nh5 17. Ra1 f5 18. exf5 Nxf5 19. Rxa8 Rxa8 20. Ra1 Rxa1 21. Bxa1 c6 22. bxc6 bxc6 {½-½ (40) Galvis,S (1762)-Mora,M (1926) Florencia 2013}) 16. Nd2 {[%emt 0:09:50] The position is equal.} c6 (16... Nf4 $5 17. Bxh3 (17. gxf4 $2 {is a self mate.} Qg4 18. fxe5 Qxg2#) 17... Nxh3+ 18. Kh1 f5 $15) 17. bxc6 bxc6 18. Ra1 Bxg2 19. Kxg2 f5 20. f3 Nf6 21. Na4 Qe6 22. c5 d5 23. Nb6 Rxa1 24. Bxa1 ({Much less strong is} 24. Rxa1 g5 $14) 24... g5 25. Re1 f4 26. g4 {[%emt 0:15:52] [#]} (26. gxf4 $11 {and White is okay.} Nh5 27. f5 Nf4+ 28. Kh1 Nxf5 29. exf5 Qxf5 30. Qb1) 26... h5 $1 $19 27. gxh5 g4 (27... Nxh5 $142 {Hoping for ...g4.} 28. Kg1 g4) 28. Kh1 ({Better is} 28. h6 Bxh6 29. Kh1) 28... Nxh5 $17 29. Qd1 g3 {[%emt 0:01:51] aiming for ...gxh2.} 30. Re2 Qh3 31. Qf1 g2+ 32. Qxg2 $2 (32. Rxg2 {only move.} Ng3+ 33. Rxg3 Qxf1+ 34. Nxf1 fxg3 35. Kg2) 32... Ng3+ $1 $19 33. Kg1 Nxe2+ 34. Qxe2 Rf6 {[%emt 0:01:09] [#] Strongly threatening ...Rg6+.} 35. Kh1 d4 36. Qg2 Qh4 {[%emt 0:01:03] White must now prevent ...Qe1+.} 37. Qf1 {[%emt 0:01:31] Inhibits Qe1.} Rh6 38. Qe2 Ng6 39. Nbc4 Qh3 40. Qg2 Qh4 41. Qe2 $1 Qe7 42. Nd6 Nh4 43. Qe1 Qe6 {[%emt 0:00:00] ...Qh3 is the strong threat.} ({Don't blunder} 43... Qg5 $2 44. Qf2 $19) 44. Bb2 (44. Qf1 $142 Rg6 45. Nf5 Nxf5 46. exf5 Qxf5 47. Bb2) 44... Qh3 45. Qf2 {[%emt 0:00:00] Prevents Qg2+.} Rg6 46. Nf5 Rg2 {[%emt 0:00:00] Weighted Error Value: White=0.49/Black=0.19 (very precise)} 0-1

[Event "15th Arad Open 2022"]
[Site "Arad"]
[Date "2022.08.12"]
[Round "7.6"]
[White "Sedlak, Nikola"]
[Black "Herczeg, Marcell"]
[Result "1-0"]
[ECO "C00"]
[WhiteElo "2480"]
[BlackElo "2044"]
[Annotator "TA"]
[PlyCount "77"]
[EventDate "2022.08.08"]
[EventType "swiss"]
[EventCountry "ROU"]
[SourceTitle "playchess.com"]
[Source "ChessBase"]
[SourceQuality "1"]
[TimeControl "5400+30"]

1. Nf3 d5 2. g3 Nf6 3. Bg2 e6 4. O-O c5 5. d3 Nc6 6. Nbd2 Be7 7. e4 O-O 8. Re1 Qc7 9. c3 Re8 {[%emt 0:13:53] C00: French: Unusual White 2nd moves.} 10. Nf1 {[%emt 0:04:51] [#]} h6 $146 ({Predecessor:} 10... b5 11. Bf4 Qb6 12. e5 Nd7 13. h4 a5 14. Ne3 a4 15. Rc1 Ra7 16. d4 cxd4 17. cxd4 {0-1 (54) Oratovsky,M (2452)-Suarez Garcia,C (2472) Elgoibar 2017}) 11. Bf4 e5 {[%emt 0:06:52] [#] The position is equal.} 12. Nxe5 Nxe5 13. d4 $1 Bd6 ({Don't do} 13... Nxe4 14. Ne3 $16) (13... cxd4 $11 14. cxd4 Qb6 $1 15. Bxe5 dxe4) 14. dxe5 $16 Bxe5 15. Bxe5 ({Much less strong is} 15. exd5 Bxf4 16. Rxe8+ Nxe8 $14) 15... Rxe5 16. exd5 {[%emt 0:00:45] And now d6 would win.} Bg4 17. Qa4 Rh5 (17... Rxe1 $16 18. Rxe1 Bd7) 18. Ne3 Bd7 19. Qb3 (19. Qa3 $18) 19... Bh3 (19... Re5 $16 20. f4 Ree8) 20. Bf3 (20. Bxh3 $18 Rxh3 21. d6 Qxd6 22. Qxb7) 20... Rg5 21. d6 $36 {[%emt 0:04:38][%mdl 2048] White is in control.} Qxd6 22. Qxb7 Rb8 23. Qxa7 {[%emt 0:00:10] Hoping for a4.} Rxb2 24. Nc4 Qf4 25. Ne5 (25. Qa8+ $142 Rb8 26. Kh1 $1) 25... Ne8 $2 {[%emt 0:06:51][%mdl 8192] A mistake that costs the game.} (25... Nd7 $16 26. Qa8+ Rb8) 26. Qe7 $18 {[%emt 0:02:32] Dancing on a razor blade.} ({Wrong is} 26. Nd3 $2 {[#]} Qxf3 $1 27. Rxe8+ Kh7 $19) 26... Rb8 (26... Nf6 $142 27. Qxf7+ Kh8) 27. Bg2 Qf5 28. Qxf7+ Qxf7 29. Nxf7 Kxf7 30. Bxh3 Rg6 31. Re5 Rf6 32. Rxc5 Rb2 33. Rf5 Rc2 (33... Rxf5 {was worth a try.} 34. Bxf5 Nd6) 34. a4 Rxc3 35. a5 Rc7 36. a6 Ra7 37. Rxf6+ Kxf6 38. Bf1 Nc7 (38... Ke7 $142 39. Re1+ Kd8) 39. Rb1 {[%emt 0:00:00] Weighted Error Value: White=0.38/Black=0.69} 1-0

[Event "15th Arad Open 2022"]
[Site "Arad"]
[Date "2022.08.12"]
[Round "7.7"]
[White "Ardeleanu, Alin"]
[Black "Ungureanu, Sandu"]
[Result "1-0"]
[ECO "B52"]
[WhiteElo "2290"]
[BlackElo "2011"]
[Annotator "TA"]
[PlyCount "131"]
[EventDate "2022.08.08"]
[EventType "swiss"]
[EventCountry "ROU"]
[SourceTitle "playchess.com"]
[Source "ChessBase"]
[SourceQuality "1"]
[TimeControl "5400+30"]

1. e4 c5 2. Nf3 d6 3. Bb5+ Bd7 4. Bxd7+ Qxd7 5. O-O Nc6 6. c3 d5 7. d3 {[%emt 0:01:05] B52: Sicilian: Moscow Variation with 3...Bd7.} dxe4 8. dxe4 {[%emt 0:00:05] [#]} Qxd1 $146 ({Predecessor:} 8... Rd8 9. Qxd7+ Rxd7 10. Bf4 Nf6 11. Nbd2 e6 12. Rfe1 Be7 13. Nc4 O-O 14. h3 Rdd8 {1-0 (47) Kuehnast,V (1898)-Walz,R (2067) Dresden 2011}) 9. Rxd1 {[%emt 0:00:02] The position is equal.} Nf6 10. e5 Nd7 11. e6 fxe6 12. Ng5 e5 13. Be3 {[%emt 0:00:26][%mdl 1024] White has compensation.} Rc8 14. Na3 h6 15. Ne6 b6 $1 16. Nb5 {[%emt 0:02:29] Threatens to win with Nec7+.} (16. b4 $5) 16... Nf6 17. f4 Ng4 (17... Kf7 $15 18. Nbc7 Ne8) 18. Bc1 e4 19. h3 Nf6 20. f5 $36 {[%emt 0:01:15][%mdl 2048] White has good play.} Kf7 21. Bf4 (21. Nf4 $11) 21... g5 (21... g6 $1 $17 22. g4 Rg8) 22. Bh2 Bg7 23. Nbc7 Ne8 (23... g4 $11) 24. Nxe8 $1 $14 {[%emt 0:01:21] White is much more active.} Rhxe8 25. Re1 (25. Rd5 $16) 25... Nd8 (25... Be5 $11 {remains equal.}) 26. Nxg7 (26. Rxe4 $6 Nxe6 27. Rxe6 Rcd8 $11) (26. Nc7 $142 $1 ) 26... Kxg7 $16 27. Rxe4 ({Of course not} 27. Be5+ Kf7 $11) 27... Rc6 ({Black should try} 27... e6 $14) 28. Rd1 $1 Kf7 (28... Nf7 $16) 29. g4 $18 b5 30. Rd7 a6 31. Bg3 c4 (31... Kf8 {might work better.} 32. Kg2 Nf7) 32. Kg2 Kf8 33. Ra7 e6 34. Kf3 (34. Rd4 $1 $18 {[%cal Rd4d7] And now Rdd7 would win.} exf5 35. Bd6+ (35. gxf5 Nf7 $14) 35... Kg8 36. Ra8) 34... Nf7 $16 35. Rd7 ({Better is} 35. Re2 $16) 35... Re7 $2 {[%emt 0:02:30] Black is on the road to losing.} (35... exf5 $1 $11 {and Black has nothing to worry.} 36. gxf5 Rc5) 36. Rxe7 $18 Kxe7 {[%emt 0:00:06] [#]} 37. Rxe6+ $1 Rxe6 38. fxe6 Kxe6 {[%emt 0:00:05][%mdl 4096] Endgame [#] KB-KN} 39. Ke4 Nh8 40. Kd4 {[%emt 0:00:00][%cal Oa2a4] aiming for a4!} Ng6 (40... Kd7 {was called for.} 41. Kd5 Ng6) 41. a4 bxa4 $2 (41... Ne7 42. Kc5 bxa4) 42. Kxc4 Kd7 $2 (42... Ne7 43. Kb4 Kd7 44. Kxa4 Kc6) 43. Kd5 Ne7+ 44. Kc5 Ng6 45. c4 {[%emt 0:00:00][%cal Bc3c4,Bc4c5,Bc5c6][%mdl 32] Strongly threatening Bh2.} Nf8 $2 (45... a5 46. Bd6 Ke6) 46. Kd5 Ng6 47. Bd6 Nh4 48. c5 Nf3 49. c6+ Kc8 50. Bg3 Ng1 (50... Kd8 $142 51. Kc5 Kc8) 51. h4 Ne2 {[%emt 0:00:00] [#]} 52. hxg5 $1 hxg5 53. Be5 Nc1 54. Ke4 {[%emt 0:00:59] Bf6 is the strong threat.} Nb3 55. Kf5 Na5 56. Kxg5 {[%emt 0:02:10] Kf6 would kill now.} Nxc6 57. Bf6 $2 (57. Kf6 $18 {Black must now prevent g5.} Kd7 58. g5) 57... Nb4 $2 (57... Kd7 $16) 58. Kg6 Kd7 59. Kf7 {[%emt 0:00:15] Hoping for g5.} a3 $2 (59... Nc2 $18 60. g5 Ne3) 60. bxa3 Nd3 61. g5 Nf4 62. Be5 ({Stronger than} 62. g6 Nxg6 63. Bd4 (63. Kxg6 Kc6 $11) 63... Ne7 $11) 62... Ne6 63. g6 {[%emt 0:00:09] White mates.} Nd8+ 64. Kf6 Ne6 65. a4 a5 66. Bg3 {[%emt 0:00:24] Weighted Error Value: White=0.28 (precise) /Black=0.53} 1-0

[Event "15th Arad Open 2022"]
[Site "Arad"]
[Date "2022.08.12"]
[Round "7.8"]
[White "Ambru, Dan-Calin"]
[Black "Paraschiv, Paul-Alexandru"]
[Result "1/2-1/2"]
[ECO "E49"]
[WhiteElo "2001"]
[BlackElo "2181"]
[Annotator "TA"]
[PlyCount "42"]
[EventDate "2022.08.08"]
[EventType "swiss"]
[EventCountry "ROU"]
[SourceTitle "playchess.com"]
[Source "ChessBase"]
[SourceQuality "1"]
[TimeControl "5400+30"]

1. d4 Nf6 2. c4 e6 3. Nc3 Bb4 4. e3 O-O 5. Bd3 d5 6. Nge2 c5 7. a3 Bxc3+ 8. bxc3 dxc4 9. Bxc4 Qc7 10. Ba2 b6 {[%emt 0:00:06] E49: Nimzo-Indian: Rubinstein: 5 Bd3 d5 6 a3 Bxc3+ 7 bxc3.} 11. O-O Ba6 12. Bb2 Nc6 13. Rc1 Rfd8 14. c4 {[%emt 0:03:44] [#] An even fight not without its subleties.  Weighted Error Value: White=0.05 (flawless) /Black=0.05 (flawless)} {Predecessor:} cxd4 $146 15. exd4 Na5 16. d5 e5 17. Ng3 Bxc4 18. Nf5 Qd7 19. Nh6+ gxh6 20. Bxc4 Nxc4 21. Rxc4 Qxd5 {0-1 (30) Hakobyan,A (2601)-Nakamura,H (2750) Chess.com INT 2022} 1/2-1/2

[Event "15th Arad Open 2022"]
[Site "Arad"]
[Date "2022.08.12"]
[Round "7.9"]
[White "Butolo, Alexandru-Mircea"]
[Black "Tampea, Radu"]
[Result "1/2-1/2"]
[ECO "D31"]
[WhiteElo "1863"]
[BlackElo "2093"]
[Annotator "TA"]
[PlyCount "34"]
[EventDate "2022.08.08"]
[EventType "swiss"]
[EventCountry "ROU"]
[SourceTitle "playchess.com"]
[Source "ChessBase"]
[SourceQuality "1"]
[TimeControl "5400+30"]

1. d4 d5 2. c4 e6 3. Nc3 a6 4. cxd5 exd5 5. Nf3 c6 6. Bf4 {[%emt 0:04:13] D31: Queen's Gambit Declined: Semi-Slav without ...Nf6 (+ Marshall Gambit and Noteboom) and Exchange Variation lines without ...Nf6.} Bd6 7. e3 (7. Bxd6 $14 Qxd6 8. Qb3) 7... Nf6 {[%emt 0:01:06] [#]} 8. h3 $146 {[%emt 0:01:16] White is slightly better.} ({Predecessor:} 8. Bg3 Bf5 9. Qb3 Ra7 10. Nh4 Bg6 11. Be2 O-O 12. Nxg6 hxg6 13. Qc2 Re8 14. Bd3 {1-0 (48) Zubov,A (2598)-David,A (2428) Chess.com INT 2021}) 8... O-O 9. Bd3 Qc7 10. Bxd6 Qxd6 11. O-O Re8 12. Qc2 Nbd7 13. Rad1 Qe7 14. Rfe1 Ne4 15. Nd2 Ndf6 16. Ndxe4 dxe4 17. Bc4 Be6 {[%emt 0:01:13] Weighted Error Value: White=0.09 (flawless) /Black=0.09 (flawless)} 1/2-1/2

[Event "15th Arad Open 2022"]
[Site "Arad"]
[Date "2022.08.12"]
[Round "7.10"]
[White "Kazarian, Anna-Maja"]
[Black "Anghel, Iulian-Mihai"]
[Result "1-0"]
[ECO "C29"]
[WhiteElo "2139"]
[BlackElo "2015"]
[Annotator "TA"]
[PlyCount "43"]
[EventDate "2022.08.08"]
[EventType "swiss"]
[EventCountry "ROU"]
[SourceTitle "playchess.com"]
[Source "ChessBase"]
[SourceQuality "1"]
[TimeControl "5400+30"]

1. e4 e5 2. Nc3 Nf6 3. f4 d5 4. fxe5 Nxe4 5. Qf3 Nxc3 6. bxc3 Nc6 {[%emt 0:02:14] Recently 6...c5 got a lot of attention. C29: Vienna Game: 2...Nf6 3 f4.} (6... Be7 $11 {keeps the balance.}) 7. d4 $1 $16 Be7 8. Bd3 {[%emt 0:01:15] [#]} h5 $146 {[%emt 0:05:23] White is better.} ({Predecessor:} 8... O-O 9. Ne2 f6 10. Qh5 f5 11. Nf4 Na5 12. g4 Bh4+ 13. Kd1 Bg5 14. gxf5 Bxf5 {0-1 (29) Seul,G (2372)-Ali Marandi,C (2543) Chess.com INT 2020}) 9. Ne2 ({White should try} 9. Rb1 $16) 9... Bg4 $14 10. Qf2 {[%emt 0:03:35] And now 0-0 would win.} Bh4 (10... Qd7) (10... Qd7 $1 $14) 11. g3 $16 Be7 (11... Bg5) (11... Bg5 $16 {was worth a try.}) 12. O-O $18 Rf8 {[%emt 0:02:38] [#]} 13. Bf5 {[%emt 0:18:16] Against Qd7} (13. Nf4) ({Better is} 13. Nf4 $1 $18) 13... Bxf5 14. Qxf5 h4 $2 {[%emt 0:00:38] [#] A mistake that costs the game.} (14... Qc8 $16 {might work better.}) 15. Nf4 $1 {[%emt 0:03:29] Threatens to win with Nh5.} g6 {[%emt 0:20:10] [#] Prevents Nh5.} (15... Qd7 16. Qxd7+ Kxd7 17. Nxd5 hxg3) 16. Nxg6 $1 fxg6 (16... Qd7 17. Nxf8) 17. Qxg6+ Kd7 18. Qg4+ Ke8 19. Rxf8+ Bxf8 20. Qg6+ Kd7 21. Qf5+ Ke8 22. e6 {[%emt 0:00:35] Weighted Error Value: White=0.09 (flawless) /Black=1.15} 1-0

[Event "15th Arad Open 2022"]
[Site "Arad"]
[Date "2022.08.12"]
[Round "7.11"]
[White "Coicev, Matei-Andrei"]
[Black "Tablan, Matei-Christian"]
[Result "1-0"]
[ECO "B45"]
[WhiteElo "2087"]
[BlackElo "1928"]
[Annotator "TA"]
[PlyCount "55"]
[EventDate "2022.08.08"]
[EventType "swiss"]
[EventCountry "ROU"]
[SourceTitle "playchess.com"]
[Source "ChessBase"]
[SourceQuality "1"]
[TimeControl "5400+30"]

1. e4 c5 2. Nf3 e6 3. d4 cxd4 4. Nxd4 Nf6 5. Nc3 Nc6 6. Nxc6 bxc6 7. e5 Nd5 8. Ne4 Qc7 9. f4 Qb6 10. c4 Bb4+ 11. Ke2 f5 12. Nf2 Ba6 13. Kf3 Ne7 14. Be3 Bc5 15. Bxc5 {[%emt 0:00:57] B45: Sicilian Four Knights.} Qxc5 16. Qd6 Qb6 17. Be2 {[%emt 0:16:42] The position is equal.} g5 18. fxg5 {[%emt 0:20:50] [#]} f4 $146 (18... Ng6 $14 19. h4 Qb8 20. Qxb8+ Rxb8) ({Predecessor:} 18... Ng6 19. h4 Qb8 20. Qxb8+ Rxb8 21. b3 Nxe5+ 22. Kf4 Ng6+ 23. Kg3 d6 24. h5 Ne5 {1-0 (60) Milliet,S (2390)-Loiseau,Q (2455) Chartres 2021}) 19. Ng4 $18 Nf5 20. Nf6+ Kf7 {[%emt 0:00:05] [#] ( -> ...Qe3+)} 21. Qd2 {[%emt 0:01:55] Rad1 is the strong threat. Really sharp!} ({Don't do} 21. Qxd7+ $6 Kg6 22. Qd2 (22. Qd3 Rad8 $16) 22... Rad8 $14) 21... Nd4+ (21... Rad8 $142 22. Rad1 d5) 22. Kg4 ({Don't take} 22. Kxf4 Nxe2+ 23. Qxe2 Qd4+ 24. Kg3 Bxc4 $18) 22... Ke7 (22... Rad8 23. Bd3 (23. Kxf4 d6 $16) 23... d6 24. Qxf4 dxe5 25. Qxe5 Nf5) 23. Rad1 c5 24. b4 Nxe2 25. Qxe2 Qxb4 26. Rxd7+ Kf8 27. Qe4 h5+ 28. Kh4 {[%emt 0:00:38] White took control after the opening.  Weighted Error Value: White=0.02 (flawless) /Black=1.05} 1-0

[Event "15th Arad Open 2022"]
[Site "Arad"]
[Date "2022.08.12"]
[Round "7.12"]
[White "Ionescu, Irina"]
[Black "Matasaru, Stephanie"]
[Result "1-0"]
[ECO "B51"]
[WhiteElo "2125"]
[BlackElo "1885"]
[Annotator "TA"]
[PlyCount "91"]
[EventDate "2022.08.08"]
[EventType "swiss"]
[EventCountry "ROU"]
[SourceTitle "playchess.com"]
[Source "ChessBase"]
[SourceQuality "1"]
[TimeControl "5400+30"]

1. e4 c5 2. Nf3 d6 3. Bb5+ Nd7 4. O-O a6 5. Bxd7+ Bxd7 6. d4 cxd4 7. Qxd4 Nf6 8. Bg5 e5 {[%emt 0:01:56] B51: Sicilian: Moscow Variation (3 Bb5+) without 3...Bd7.} 9. Qd3 Bc6 10. Nc3 h6 {[%emt 0:09:50] White is slightly better.} 11. Bxf6 Qxf6 12. Nd5 Bxd5 13. Qxd5 Rb8 14. a4 {[%emt 0:02:37] White is more active.} Be7 {[%emt 0:00:33] [#]} 15. Nd2 $146 ({Predecessor:} 15. Rfd1 O-O 16. a5 Rfc8 17. Qd3 Rc6 18. Nd2 Rbc8 19. c4 Qe6 20. b3 b6 21. Nf1 {½-½ (33) Frayna,J (2287)-Zhao,S (2155) Chengdu 2017}) 15... O-O 16. a5 (16. Nc4) (16. Qd3 $14) 16... Qe6 $11 17. c4 Qxd5 18. exd5 Rfc8 19. b3 b5 20. axb6 $1 Rxb6 21. g4 g6 22. Ra3 f5 23. gxf5 gxf5 24. Rfa1 Ra8 25. Kf1 Kf7 26. c5 dxc5 (26... Rb5 $11) 27. Nc4 $36 {[%emt 0:00:00][%csl LRb6,LRe5][%mdl 2048] White is in control.} Rf6 28. Nxe5+ Kg7 29. f4 ({White should play} 29. Nc4 $16) 29... c4 {[%emt 0:09:05] [#]} (29... Rd8 $1 $11) 30. bxc4 $1 Bxa3 31. Rxa3 {[%emt 0:00:00][%mdl 4096] Endgame c5 is the strong threat. KRR-KRN} Rb6 32. Rg3+ {[%emt 0:00:00][%mdl 1024] White has strong compensation.} Kh7 33. c5 Rb2 ({Black should try} 33... Rb5 $14) 34. c6 $18 a5 (34... Rc2 {was necessary.} 35. Re3 a5) 35. c7 a4 {[%emt 0:02:29] [#]} 36. Ra3 $1 ({Stronger than} 36. Rc3 a3 37. c8=Q Rxc8 38. Rxc8 Rb1+ 39. Kg2 a2 40. Rc7+ Kg8 41. Rc8+ Kg7 42. Rc7+ Kf8 43. Ng6+ Ke8 44. Re7+ Kd8 $15) 36... Rc2 $2 (36... Rd2 37. Nc4 Rc2) 37. d6 Kg7 38. Rg3+ Kh7 $1 {Threatens to win with ...a3.} 39. Ra3 Kg7 40. Ke1 Rc5 41. Ke2 {[%emt 0:00:30] Hoping for Nd7.} Rc2+ 42. Kd3 Rc1 43. Kd4 Kf6 44. Nc4 (44. Rg3 $142 Rd1+ 45. Kc5 Rc1+ 46. Kd5 Ra5+ 47. Kd4 Rxe5 48. fxe5+ Ke6 49. Rc3 Rd1+ 50. Ke3) 44... Re8 45. d7 Re4+ 46. Kd3 {[%emt 0:00:30] Weighted Error Value: White=0.31/Black=0.53} (46. Kd5 $142 Rcxc4 47. d8=Q+ Kf7 48. Qd7+ Kf6 49. Qd6+ Kf7 50. c8=Q Rcd4+ 51. Kc6) 1-0